 Dungeon Crawl Stone Soup version 0.20.1-1-g8b1a95d (webtiles) character file.

242 Malomalsky the Shield-Bearer (level 5, 0/49 HPs)
             Began as a Deep Dwarf Fighter on Dec 9, 2017.
             Was a Follower of Trog.
             Slain by xight's ghost (8 damage)
             ... on level 5 of the Dungeon on Dec 12, 2017.
             The game lasted 00:22:47 (3662 turns).

Malomalsky the Shield-Bearer (Deep Dwarf Fighter)   Turns: 3662, Time: 00:22:48

Health: 0/49       AC:  8    Str: 21    XL:     5   Next: 82%
Magic:  0/5        EV:  7    Int:  8    God:    Trog [*.....]
Gold:   151        SH:  9    Dex: 12    Spells: 4/4 levels left

rFire    . . .     SeeInvis .   a - +0 war axe
rCold    . . .     Gourm    .   c - +0 shield
rNeg     + . .     Faith    .   b - +0 scale mail
rPois    .         Spirit   +   m - +2 hat of the Bear Spirit {Spirit, +Rage rN+ MR++}
rElec    .         Reflect  .   (no cloak)
rCorr    .         Harm     .   (no gloves)
MR       ++...                  (no boots)
Stlth    ..........             (no amulet)
Regen    0.0/turn               (no ring)
MPRegen  0.1/turn               (no ring)

@: non-regenerating, heavily drained
A: damage resistance, heal wounds, mutation resistance 1, sense surroundings 1,
wild magic 1, sturdy frame 1, no regeneration
a: Heal Wounds, Berserk, Burn Spellbooks, Renounce Religion, Evoke Berserk Rage


You were on level 5 of the Dungeon.
You worshipped Trog.
Trog was aware of your devotion.
You were not hungry.

You visited 1 branch of the dungeon, and saw 5 of its levels.

You collected 151 gold pieces.

Inventory:

Hand Weapons
 a - a +0 war axe (weapon)
 q - a +0 long sword
Armour
 b - a +0 scale mail (worn)
 c - a +0 shield (worn)
 h - a +0 helmet
 m - the +2 hat of the Bear Spirit (worn) {Spirit, +Rage rN+ MR++}
   (You found it on level 5 of the Dungeon)

   It protects you from negative energy.
   It affects your resistance to hostile enchantments.
   It lets you go berserk.
Jewellery
 i - an uncursed ring of see invisible {unknown}
 r - a +2 ring of evasion {unknown}
 v - a cursed amulet of inaccuracy {unknown}
Scrolls
 e - 4 scrolls of teleportation
 f - a scroll of magic mapping {unknown}
 t - a scroll of remove curse
Potions
 d - 2 potions of might
 g - a potion of degeneration {unknown}
 j - a potion of heal wounds
 k - a potion of ambrosia
 o - a potion of brilliance {unknown}
 p - a potion of curing
Comestibles
 l - 2 meat rations
 n - a bread ration


   Skills:
 + Level 3.4(1.9) Fighting
 * Level 1.6(0.2) Long Blades
 + Level 4.1(2.5) Axes
 + Level 4.1(2.6) Armour
 + Level 1.2(0.0) Dodging
 + Level 0.6(0.0) Stealth
 + Level 4.2(2.7) Shields


You had 4 spell levels left.
You didn't know any spells.

Dungeon Overview and Level Annotations

Branches:
Dungeon (5/15)             Temple (0/1) D:4

Altars:
Cheibriados
Fedhas
Gozag
Kikubaaqudgha
Nemelex Xobeh
Trog
Vehumet
Zin
The Shining One

Annotations:
D:5 xight's ghost, novice MiFi


Innate Abilities, Weirdness & Mutations

You are resistant to damage.
You can heal yourself by infusing magical energy.
You passively map a small area around you.
You do not regenerate.
You are somewhat resistant to further mutation.
Your spells are a little harder to cast, but a little more powerful.
Your movements are slightly less encumbered by armour. (ER -2)


Message History

You slash xight's ghost!
Xight's ghost is severely damaged.
You block xight's ghost's attack. Xight's ghost hits you!
* * * LOW HITPOINT WARNING * * *
You partially resist.
You feel drained.
* * * LOW HITPOINT WARNING * * *
You barely miss xight's ghost.
Xight's ghost is severely damaged.
Xight's ghost barely misses you.
You hit xight's ghost but do no damage.
Xight's ghost is severely damaged.
Xight's ghost completely misses you.
Xight's ghost shouts, "They lied to you.
The Dungeon just goes down and down forever."
Xight's ghost hits you but does no damage.
You partially resist.
You feel drained.
You hit xight's ghost.
Xight's ghost is severely damaged.
Xight's ghost wails, "You will never get the ORB!"
Xight's ghost hits you!
You die...

* , ....#, * *
*..).# ## , ,
#.... . #...#.#
,* ..#..##.#
#...#.# *
..#..##.# #.....*
#### .....##.#
#.W.# * * * *#.<.
#..#.##.#
#>@.####..,, ....
#..#.##.#
##....$).#** #.#.
#..#.##.#
#.####### #.#.
#..#.##.# #.#
#.#. #....##<#
#.# ##...
#.......# #.#
##########....
>...##### #.#
#.............
##..# #.#
#.########<.##
#..#
########.###.###*
###....


You could see xight's ghost.

Vanquished Creatures
  A crimson imp (D:5)
  A hound (D:4)
  Terence (D:2)
  2 worker ants (D:4)
  An adder (D:4)
  An ooze (D:3)
  2 worms (D:3)
  3 dart slugs
  2 leopard geckos
  9 orcs (D:4)
  5 bats
  3 giant cockroaches
  2 goblins
  10 hobgoblins
  4 jackals (D:5)
  A quokka (D:3)
  2 ball pythons
  2 frilled lizards
  A jackal skeleton (D:4)
  6 kobolds (D:1)
  A quokka skeleton (D:4)
  9 rats
69 creatures vanquished.

Notes
Turn   | Place    | Note
-------+----------+-------------------------------------------
     0 | D:1      | Malomalsky the Deep Dwarf Fighter began the quest for the Orb.
     0 | D:1      | Reached XP level 1. HP: 20/20 MP: 1/1
    74 | D:1      | Reached XP level 2. HP: 21/27 MP: 2/2
   389 | D:1      | Reached XP level 3. HP: 22/34 MP: 3/3
   659 | D:2      | Noticed Terence
   671 | D:2      | Killed Terence
  1056 | D:2      | Found a blossoming altar of Fedhas.
  1301 | D:3      | Noticed a moth of wrath
  1304 | D:3      | Found a bloodstained altar of Trog.
  1314 | D:3      | Reached XP level 4. HP: 28/42 MP: 4/4
  1344 | D:3      | Became a worshipper of Trog the Wrathful
  2177 | D:4      | Found a bloodstained altar of Trog.
  2177 | D:4      | Found a blossoming altar of Fedhas.
  2177 | D:4      | Found a glowing silver altar of Zin.
  2177 | D:4      | Found a glowing golden altar of the Shining One.
  2182 | D:4      | Found an opulent altar of Gozag.
  2183 | D:4      | Found a blossoming altar of Fedhas.
  2183 | D:4      | Found a radiant altar of Vehumet.
  2183 | D:4      | Found a sparkling altar of Nemelex Xobeh.
  2183 | D:4      | Found an ancient bone altar of Kikubaaqudgha.
  2183 | D:4      | Found a snail-covered altar of Cheibriados.
  2183 | D:4      | Found a radiant altar of Vehumet.
  2183 | D:4      | Found an opulent altar of Gozag.
  2188 | D:4      | Found a staircase to the Ecumenical Temple.
  2197 | D:4      | Gained mutation: Your spells are a little harder to cast, but a little more powerful. [potion of mutation]
  2197 | D:4      | Gained mutation: You are somewhat resistant to further mutation. [potion of mutation]
  2197 | D:4      | Gained mutation: Your movements are slightly less encumbered by armour. (ER -2) [potion of mutation]
  2231 | D:4      | Reached XP level 5. HP: 26/49 MP: 5/5
  2266 | D:4      | Reached skill level 1 in Long Blades
  2266 | D:4      | Reached skill level 1 in Dodging
  2363 | D:4      | Found a snail-covered altar of Cheibriados.
  3366 | D:5      | Entered Level 5 of the Dungeon
  3426 | D:5      | Reached * piety under Trog
  3643 | D:5      | Noticed xight's ghost (novice MiFi)
  3662 | D:5      | Slain by xight's ghost

Skill      XL: |  1  2  3  4  5 |
---------------+----------------+-----
Fighting       | 3 |  3.4
Axes           | 3 4 |  4.1
Shields        | 4 |  4.2
Long Blades    | 1 |  1.6
Dodging        | 1 |  1.2
Armour         | 4 |  4.1
Stealth        | |  0.6

Action                   |  1- 3 |  4- 6 || total
-------------------------+-------+-------++-------
Melee: War axe           |   123 |   140 ||   263
Invok: Burn Spellbooks   |       |     1 ||     1
  Use: Scroll            |     1 |     7 ||     8
       Potion            |     1 |     5 ||     6
  Eat: Bread ration      |     1 |       ||     1
       Fruit             |     1 |       ||     1
       Royal jelly       |       |     2 ||     2
Armor: Scale mail        |    50 |    71 ||   121
Dodge: Dodged            |    37 |    53 ||    90
Block: Shield            |    75 |    90 ||   165
